 BcadrenCrawl: Boulder Brew version 0.05.4-18-g5ee1e3cb8e (webtiles) character file.

Game seed: 9893733207157715665, levelgen mode: deterministic

466 diana the Ducker (level 6, -3/52 HPs) Minotaur Demonspawn. Began on Nov 28, 2021. Slain by a big kobold ... wielding a cursed +4 dagger of electrocution {(Curse: Fragile)} (6 damage) ... on level 2 of the Dungeon. The game lasted 00:03:12 (1378 turns).

diana the Ducker (Minotaur Demonspawn)              Turns: 1378, Time: 00:03:13

Health: -3/52      AC:  3    Str: 20    XL:     6 ^: 67
Magic:  7/7        EV: 13    Int:  9    God:
Gold:   47         SH:  0    Dex: 10    Spells: 6/7 levels left

rFire    + . .     Vision   .   a - +0 long sword
rCold    . . .     Gourm    .   (no weapon)
rNeg     . . .     Faith    .   b - +0 leather armour
rCorr    . . .     Spirit   .   (helmet restricted)
rPois    .         Reflect  .   (no cloak)
rElec    .         Harm     .   (gloves unavailable)
MR       .....                  (no boots)
Stlth    +.........             (no amulet)
HPRegen  0.27/turn              (no ring)
MPRegen  0.17/turn              (no ring)

@: very slow
A: claws 2, horns, retaliatory headbutt 2, fire resistance 1, spiny 1
a: no special abilities


You were on level 2 of the Dungeon.
You were near starving.

You visited 1 branch of the dungeon, and saw 2 of its levels.

You collected 47 gold pieces.

Inventory:

Weapons
 a - a +0 long sword (weapon)
Armour
 b - a +0 leather armour (worn)
 i - a +2 chain mail of magic resistance
Jewellery
 c - a cursed ring of poison resistance {(Curse: rC-)}
 j - an uncursed ring of ice
Scrolls
 f - a scroll of blinking
 g - a scroll of fear
Potions
 e - a potion of curing
 h - a potion of heal wounds
 k - a potion of magic
Comestibles
 d - 6 rations


   Skills:
 + Level 4.1 Fighting
 + Level 4.6 Long Blades
 - Level 3.1 Armour
 + Level 5.0 Dodging
 - Level 1.5 Stealth
 - Level 1.0 Spellcasting
 - Level 1.3 Fire Magic
   Level 2.6 Invocations


You had 6 spell levels left.
You knew the following spells:

 Your Spells              Type           Power        Failure   Level  Hunger
a - Flame Tongue          Fire           2 (30)       22%         1    31-51

Your spell library contained the following spells:

 Spells                   Type           Power        Failure   Level  Hunger
 Slow Hex 0 (100) 36% 1 31-51 Blink Tloc N/A 52% 2 71-111 Call Imp Summ 0 (100) 52% 2 71-111 Conjure Flame Fire 2 (100) 56% 3 111-171 Mephitic Cloud Pois/Air       0 (100)      75%         3    111-171


Dungeon Overview and Level Annotations

Branches:
Dungeon (2/8)

Altars:


Innate Abilities, Weirdness & Mutations

You have claws for hands. (+6 Unarmed)
You reflexively attack those that strike you in melee with your horns.
You are heat resistant. (rF+)
You are partially covered in sharp spines.


Message History

You are shocked (8)!
You are too injured to fight recklessly!
Unknown command.
You are too injured to fight recklessly!
You are too injured to fight recklessly!
You are too injured to fight recklessly!
You hit the big kobold (5). You scratch the big kobold (1).
The big kobold is heavily wounded. (11/26) HP The big kobold is struck by your spines (3).
The big kobold hits you with a cursed +4 dagger of electrocution {(Curse: Fragile)} (5).
* * * LOW HITPOINT WARNING * * *
You are shocked (4).
* * * LOW HITPOINT WARNING * * *
The big kobold blocks your attack.
You scratch the big kobold (4).
You headbutt the big kobold, but do no damage.
The big kobold is almost dead. (4/26) HP The big kobold hits you with a cursed +4 dagger of electrocution {(Curse: Fragile)} (6).
* * * LOW HITPOINT WARNING * * *
You are shocked (6).
You die...

.÷≈≈≈≈≈#..≈...≈#
..≈≈≈≈<.≈......##
#..≈≈≈).........#
#.≈.≈)..).b....}#
#≈≈≈÷?.)........# ≈
#≈≈≈≈≈..≈....P≈≈# #b≈≈
≈≈≈≈≈≈.##....#######....
########≈≈P.)....K.≈.≈.P
###≈≈))≈b@KKK≈≈P.
+)#≈≈P)≈≈≈b..≈≈PP
###P≈.≈≈≈≈≈.≈≈≈≈≈
#≈P≈P≈≈b≈≈b≈≈≈≈≈
#≈≈≈≈P≈≈≈.≈≈≈≈≈;
#≈≈.PP≈≈.P≈≈≈≈≈≈
##≈.........b≈≈≈
###..#.≈..#..≈≈
#..[..#..≈...≈≈


You could see a big kobold, 3 kobolds and a neutral slimehead (wandering)
(passive).

Vanquished Creatures
  2 big kobolds (D:2)
  4 jellies (D:2)
  Terence (D:2)
  6 giant cockroaches
  An adder (D:1)
  A worm (D:1)
  5 cinder newts
  2 dart slugs (D:1)
  3 leopard geckos
  A goblin (D:1)
  2 hobgoblins (D:1)
  5 bats (D:1)
  A bat skeleton (D:2)
  A hobgoblin skeleton (D:2)
  14 kobolds
  5 rats (D:1)
54 creatures vanquished.

Vanquished Creatures (others)
  A giant cockroach (D:2)
  40 withered plants (D:2)
41 creatures vanquished.

Grand Total: 95 creatures vanquished

Notes
Turn   | Place    | Note
-------+----------+-------------------------------------------
     0 | D:1      | diana the Minotaur Demonspawn began the quest for the Orb.
     0 | D:1      | Reached XP level 1. HP: 16/16 MP: 1/1
    54 | D:1      | Reached skill level 1 in Armour
    54 | D:1      | Gained mutation: You are heat resistant. (rF+) [demonic
                  | ancestry]
    54 | D:1      | Reached XP level 2. HP: 24/24 MP: 3/3
    64 | D:1      | Gained mutation: You have sharp fingernails. (+3 Unarmed)
                  | [demonic ancestry]
    64 | D:1      | Reached XP level 3. HP: 29/29 MP: 4/4
   256 | D:1      | Reached XP level 4. HP: 36/36 MP: 5/5
   431 | D:1      | Reached skill level 4 in Dodging
   808 | D:1      | Gained mutation: You are partially covered in sharp spines.
                  | [demonic ancestry]
   808 | D:1      | Reached XP level 5. HP: 20/44 MP: 6/6
   921 | D:2      | Noticed Terence
   935 | D:2      | Killed Terence
   947 | D:2      | HP: 2/45 [acid (9)]
  1131 | D:2      | Gained mutation: You have claws for hands. (+6 Unarmed)
                  | [demonic ancestry]
  1131 | D:2      | Reached XP level 6. HP: 9/51 MP: 7/7
  1347 | D:2      | Reached skill level 5 in Dodging
  1378 | D:2      | Slain by a big kobold

Levels and vault maps discovered:
D:1:      dpeg_arrival_tiny_a, layout_basic
D:2:      minmay_clustersquares, layout_sewer, cheibriados_altar_1, uniq_terence

Skill      XL: |  1  2  3  4  5  6 |
---------------+-------------------+-----
Armour         | 1 2 3 |  3.1
Fighting       | 2 3 4 |  4.1
Long Blades    | 3 4 |  4.6
Dodging        | 4 5 |  5.0
Stealth        | |  1.5
Spellcasting   | |  1.0
Fire Magic     | |  1.3
Invocations    | |  2.6

Action                   |  1- 3 |  4- 6 || total
-------------------------+-------+-------++-------
Melee: Long sword        |    20 |    70 ||    90
       Unarmed           |     9 |    58 ||    67
       Headbutt          |     4 |    18 ||    22
  Use: Potion            |       |     1 ||     1
 Stab: Sleeping          |     2 |       ||     2
Armor: Leather armour    |     5 |    22 ||    27
Dodge: Dodged            |     7 |    23 ||    30
       Rpst.: Long sword |     1 |     6 ||     7
